 Dungeon Crawl Stone Soup version 0.32-a0-779-g362cfcae2a (webtiles) character file.

Game seed: 12789241803022011989

51 hikkokomori the Shooter (level 3, -7/28 HPs)
             Began as a Coglin Hunter on Mar 19, 2024.
             Mangled by a gnoll
             ... wielding a +0 flail
              (9 damage)
             ... on level 1 of the Dungeon.
             The game lasted 00:01:38 (1111 turns).

hikkokomori the Shooter (Coglin Hunter)             Turns: 1111, Time: 00:01:38

Health: -7/28      AC:  3    Str: 11    XL:     3   Next: 81%
Magic:  3/3        EV: 11    Int:  8    God:
Gold:   52         SH:  0    Dex: 19    Spells: 2/2 levels left

rFire   . . .        a - +2 sling {Leticia}
rCold   . . .        d - +0 sling {Agathoclea}
rNeg    . . .        c - +0 leather armour
rPois   .            (no helmet)
rElec   .            (no cloak)
rCorr   .            (no gloves)
SInv    .            (no boots)
Will    .....        (amulet unavailable)
Stlth   ++           (ring unavailable)
HPRegen 0.24/turn    (ring unavailable)
MPRegen 0.08/turn    (no gizmo)

%: no passive effects
@: no status effects
A: off-hand wielding, slow wielding, warmup strikes, no jewellery
a: Invent Gizmo


You were on level 1 of the Dungeon.
You visited 1 branch of the dungeon, and saw 2 of its levels.

You collected 52 gold pieces.

Inventory:

Hand Weapons
 a - a +2 sling (weapon) {Leticia}
 d - a +0 sling (offhand) {Agathoclea}
Armour
 c - a +0 leather armour (worn)
Scrolls
 b - a scroll of butterflies


   Skills:
 + Level 2.7 Fighting
 + Level 4.0 Ranged Weapons
 - Level 2.0 Dodging
 + Level 1.7 Stealth


You had 2 spell levels left.
You didn't know any spells.
Your spell library was empty.

Dungeon Overview and Level Annotations

Branches:
Dungeon (2/15)

Altars:


Innate Abilities, Weirdness & Mutations

You can wield a second weapon in your off-hand.
It takes a long time for you to wield or remove held weapons.
Your first few attacks do less damage.
You cannot equip rings or amulets.


Message History

You are too injured to fight recklessly!
You are too injured to fight recklessly!
You are too injured to fight recklessly!
You are too injured to fight recklessly!
You are too injured to fight recklessly!
You are too injured to fight recklessly!
The gnoll attacks as it pursues you! The gnoll closely misses you.
There is a stone staircase leading up here.
The gnoll hits you with a +0 club. The gnoll barely misses you.
You climb upwards.
There is a stone staircase leading down here.
You shoot a sling bullet. The sling bullet hits the gnoll.
The gnoll is moderately wounded.
You shoot a sling bullet. The sling bullet hits the gnoll.
The gnoll is severely wounded.
The gnoll hits you with a +0 club. x2
You shoot a sling bullet. The sling bullet hits the gnoll.
The gnoll is almost dead.
You shoot a sling bullet. The sling bullet hits the gnoll!
You kill the gnoll!
Your Ranged Weapons skill increases to level 4!
You see here a +0 club.
As you read the scroll labelled RIAMIN KUSSY, it dissolves into smoke.
It was a scroll of fog.
You open the door.
You start resting.
HP restored.
You see here a +0 club.
There is a stone staircase leading down here.
You climb downwards.
The gnoll hits you with a +0 flail! The gnoll hits you with a +0 flail.
The gnoll hits you from afar with a +0 halberd!
* * * LOW HITPOINT WARNING * * *
There is a stone staircase leading up, spattered with blood here.
The gnoll barely misses you. x2
You climb upwards.
There is a stone staircase leading down here.
It was a potion of magic.
Magic courses through your body. The gnoll hits you with a +0 flail!
You die...

#### ##.#### ##.###### #.###.# #
#.# #.......# #...... # #.#
#..####.# #####.# # ##+## #..# #.#
#...# # ##...## #..## #.# #.###
##.....## #...# #.# #.### #
##...^...## #...# #.# #.##.
####.........####...###.#####.#..
...'.........'.)@g..........)....
####......รท..####.......###.#.#..
# ##.......## ##..##### #.#.##.
##.....## ##.# #.#..#. #####...##
#.# #.##.#. #.....### ### #.##.#.
#.#...# ##### ####### #......
##.#...###...## #.....# ####.##
#......##..>..####.#'#.## #.....


You could see a gnoll.

Vanquished Creatures
  2 gnolls (D:1)
  3 ball pythons (D:1)
  4 bats (D:1)
  5 endoplasms
  A goblin (D:1)
  4 hobgoblins (D:1)
  3 jackals (D:1)
  2 kobolds (D:1)
  3 rats (D:1)
27 creatures vanquished.

Notes
Turn   | Place    | Note
-------+----------+-------------------------------------------
     0 | D:1      | hikkokomori the Coglin Hunter began the quest for the Orb.
     0 | D:1      | Reached XP level 1. HP: 16/16 MP: 1/1
    99 | D:1      | Reached skill level 1 in Stealth
   202 | D:1      | Reached XP level 2. HP: 22/22 MP: 2/2
   760 | D:1      | Reached XP level 3. HP: 28/28 MP: 3/3
   872 | D:1      | Found a faded altar of an unknown god.
  1030 | D:1      | Reached skill level 4 in Ranged Weapons
  1108 | D:2      | HP: 1/28 [gnoll/+0 halberd (9)]
  1111 | D:1      | Mangled by a gnoll

Illustrated notes

Levels and vault maps discovered:
D:1:      dpeg_arrival_renting, layout_loops_corners,
          ebering_ecumenical_altar_hall
D:2:      layout_loops_ring, uniq_crazy_yiuf_cottage

Skill      XL: |  1  2  3 |
---------------+----------+-----
Stealth        | 1 |  1.7
Dodging        | 2 |  2.0
Ranged Weapons | 4 |  4.0
Fighting       | |  2.7

Action                     || total
---------------------------++-------
   Fire: Sling             ||   116
    Use: Scroll            ||     1
         Potion            ||     1
 Armour: Leather armour    ||    11
  Dodge: Dodged            ||    12

Table legend: (Time is in decaauts)
 A = Elapsed time spent in this place.
 B = Non-inter-level travel time spent in this place.
 C = Inter-level travel time spent in this place.
 D = Time resting spent in this place.
 E = Time spent auto-exploring this place.
 F = Levels seen in this place.
 G = Mean time per level.
                   A        B        C        D        E       F      G
               +--------+--------+--------+--------+--------+-----+--------+
         Total |   1127 |   1100 |     27 |     71 |    912 |   2 |  563.5 |
       Dungeon |   1127 |   1100 |     27 |     71 |    912 |   2 |  563.5 |
               +--------+--------+--------+--------+--------+-----+--------+

Top non-repeatable levels by time:
     D:1: 1110 daAuts
     D:2: 17 daAuts
